 Dungeon Crawl Stone Soup version 0.30-a0-879-ga8ba668304 (webtiles) character file.

Game seed: 18235218204383877095

111 Iich the Trooper (level 4, 0/37 HPs)
             Began as a Demonspawn Fighter on Mar 12, 2023.
             Slain by an orc
             ... wielding a +0 short sword
              (1 damage)
             ... on level 3 of the Dungeon.
             The game lasted 00:04:35 (1522 turns).

Iich the Trooper (Demonspawn Fighter)               Turns: 1522, Time: 00:04:36

Health: 0/37       AC:  7    Str: 16    XL:     4   Next: 62%
Magic:  4/4        EV:  8    Int: 11    God:
Gold:   131        SH:  5    Dex: 15    Spells: 3/3 levels left

rFire   . . .      SeeInvis .    a - +0 war axe
rCold   . . .      Faith    .    c - +0 buckler
rNeg    . . .      Spirit   .    b - +0 scale mail
rPois   .          Reflect  .    r - +0 helmet
rElec   .          Rampage  .    f - scarf {repulsion}
rCorr   .                        (no gloves)
Will    .....                    (no boots) Stlth
                                 (no amulet)
HPRegen 0.26/turn                (no ring)
MPRegen 0.09/turn                (no ring)

@: repel missiles
A: powered by death 1, big brain 1
a: no special abilities


You were on level 3 of the Dungeon.
You visited 1 branch of the dungeon, and saw 3 of its levels.

You collected 131 gold pieces.

Inventory:

Hand Weapons
 a - a +0 war axe (weapon)
Armour
 b - a +0 scale mail (worn)
 c - a +0 buckler (worn)
 f - a scarf of repulsion (worn)
 r - a +0 helmet (worn)
Wands
 j - a wand of flame (24)
Scrolls
 i - a scroll of fear
 m - a scroll of poison
 n - a scroll of fog
 o - a scroll of noise {unknown}
 p - a scroll of teleportation
Potions
 d - 2 potions of might
 g - a potion of attraction {unknown}
 h - a potion of invisibility {unknown}
 k - a potion of mutation {unknown}
 l - a potion of berserk rage {unknown}
 q - a potion of resistance {unknown}


   Skills:
 + Level 3.9 Fighting
 * Level 3.8 Axes
 - Level 2.6 Armour
 - Level 2.6 Shields


You had 3 spell levels left.
You didn't know any spells.
Your spell library contained the following spells:

 Spells                   Type           Power      Damage    Failure   Level
 Necrotise                Necr           0%         1d4       86%         1
 Vampiric Draining        Necr           0%         2d6       99%         3
 Agony                    Necr           0%         N/A       100%        5


Dungeon Overview and Level Annotations

Branches:
Dungeon (3/15)

Altars:

Shops:
D:2 :


Innate Abilities, Weirdness & Mutations

You regenerate a little health from kills.
You have an unusually large brain. (Int +2)


Message History

The puff of flame hits you. Something hits you.
* * * LOW HITPOINT WARNING * * *
You block the orc's attack.
The orc priest looks encouraged for a moment.
The orc hits you but does no damage.
The orc priest looks satisfied for a moment.
The orc completely misses you.
You take 10 damage, and have 14/37 hp.
MASSIVE DAMAGE!!
You closely miss the orc priest.
The orc priest is almost dead.
You hit the orc priest. You closely miss the orc. You barely miss the orc.
You closely miss the orc. You closely miss something.
The orc priest invokes the aid of Beogh against you.
Pain shoots through your body!
* * * LOW HITPOINT WARNING * * *
The orc completely misses you. The orc barely misses you.
The orc closely misses you. Something hits you but does no damage.
The orc barely misses you.
The orc priest hits you but does no damage.
You take 7 damage, and have 7/37 hp.
You slash the orc priest!
You kill the orc priest!
You barely miss the orc.
You hit the orc. x2; You miss something.
You closely miss the orc priest.
The orc priest hits you but does no damage.
Something hits you but does no damage. You block the orc's attack.
The orc closely misses you.
The orc hits you from afar with a +0 trident.
* * * LOW HITPOINT WARNING * * *
The orc completely misses you.
You take 3 damage, and have 4/37 hp.
Unknown command.
The orc priest hits you with a +0 whip.
* * * LOW HITPOINT WARNING * * *
You hear some strange, mumbled words.
Something tries to affect you, but you resist.
The orc hits you with a +0 short sword.
You die...

# #..#######
#.#...o{.##
#.....o@).#
......oo)...#
.....o......#
.....|.....##
...........#
#..........#
##........##
..........


You could see an orc priest and 4 orcs.

Vanquished Creatures
  An orc priest (D:3)
  4 adders (D:2)
  A dart slug (D:1)
  3 orcs (D:3)
  2 ball pythons
  2 endoplasms (D:2)
  A giant cockroach (D:2)
  5 goblins
  3 hobgoblins
  2 jackals (D:2)
  6 kobolds
  2 quokkas
  2 bats
  2 frilled lizards
  5 rats
41 creatures vanquished.

Notes
Turn   | Place    | Note
-------+----------+-------------------------------------------
     0 | D:1      | Iich the Demonspawn Fighter began the quest for the Orb.
     0 | D:1      | Reached XP level 1. HP: 18/18 MP: 1/1
   352 | D:1      | Gained mutation: You regenerate a little health from kills.
                  | [demonic ancestry]
   352 | D:1      | Reached XP level 2. HP: 24/24 MP: 2/2
   608 | D:1      | You fall into a shaft and drop 1 floor!
   640 | D:2      | Reached XP level 3. HP: 29/29 MP: 3/3
   678 | D:2      | Found Ysablet's Book Boutique.
   904 | D:2      | Identified the +3 dagger of Rubbish {freeze, rElec rC+ MP-9
                  | Str+3}
  1228 | D:2      | Gained mutation: You have an unusually large brain. (Int
                  | +2) [demonic ancestry]
  1228 | D:2      | Reached XP level 4. HP: 34/37 MP: 4/4
  1522 | D:3      | HP: 1/37 [orc priest/+0 whip (3)]
  1522 | D:3      | Slain by an orc

Illustrated notes

Levels and vault maps discovered:
D:1:      scummos_arrival_simple_fountains, layout_basic, nrook_mini_vaults
D:2:      layout_loops_corners, serial_shops, nicolae_shop_hallway_stairs,
          amcnicky_mini_pool_small
D:3:      layout_rooms, hellmonk_ecumenical_altar_heavens_door

Skill      XL: |  1  2  3 |
---------------+----------+-----
Axes           | 2 3 |  3.8
Fighting       | |  3.9
Armour         | |  2.6
Shields        | |  2.6

Action                     |  1- 3 |  4- 6 || total
---------------------------+-------+-------++-------
  Melee: War axe           |   102 |    28 ||   130
    Use: Scroll            |     3 |     1 ||     4
 Armour: Scale mail        |    57 |    23 ||    80
  Dodge: Dodged            |    43 |    21 ||    64
  Block: Buckler           |    25 |     5 ||    30

Table legend: (Time is in decaauts)
 A = Elapsed time spent in this place.
 B = Non-inter-level travel time spent in this place.
 C = Inter-level travel time spent in this place.
 D = Time resting spent in this place.
 E = Time spent auto-exploring this place.
 F = Levels seen in this place.
 G = Mean time per level.
                   A        B        C        D        E       F      G
               +--------+--------+--------+--------+--------+-----+--------+
         Total |   1574 |   1563 |     11 |      0 |   1240 |   3 |  524.7 |
       Dungeon |   1574 |   1563 |     11 |      0 |   1240 |   3 |  524.7 |
               +--------+--------+--------+--------+--------+-----+--------+

Top non-repeatable levels by time:
     D:2: 928 daAuts
     D:1: 631 daAuts
     D:3: 14 daAuts
